Map: Old Republic LE

Players

Sindyr - Winner!

  • Race: Zerg Zerg
  • League: Gold
  • Spawn Location: 7:00

Igua

  • Race: Zerg Zerg
  • League: Gold
  • Spawn Location: 1:00

VOD

Have the link to the VOD?

Description

Time

  • Played on: Jan. 12, 2026, 11:51 a.m.
  • Length: 10:52
Show
View Real Time Build Order
Export as new Build Order

Sindyr Zerg - Winner!

Build Orders: Hatch First 

Get SALT Encoding   

  12  0:02  Drone  
  13  0:11  Drone  
  14  0:14  Extractor  
  14  0:15  Drone  
  14  0:23  Overlord  
  15  0:42  Drone x2  
  17  0:56  Hatchery  
  16  1:03  Drone x2  
  18  1:06  Extractor  
  17  1:16  Spawning Pool  
  17  1:17  Drone  
  17  1:24  Evolution Chamber  
  16  1:26  Drone  
  17  1:33  Drone  
  17  1:39  Drone  
  19  2:03  Queen  
  19  2:07  Queen  
  23  2:10  Drone x3  
  26  2:17  Overlord  
  26  2:22  Zerg Missile Weapons Level 1  
  26  2:26  Drone  
  26  2:29  Drone  
  28  2:46  Metabolic Boost  
  28  2:53  Extractor  
  28  2:55  Roach Warren  
  28  2:58  Drone x3  
  29  3:03  Drone  
  29  3:04  Drone x2, Extractor  
  31  3:10  Overlord  
  31  3:27  Lair  
  31  3:32  Drone x2  
  31  3:33  Drone  
  34  3:36  Overlord  
  34  3:41  Queen  
  34  3:45  Overlord  
  36  3:59  Roach x3  
  36  4:00  Roach  
  44  4:04  Roach  
  46  4:34  Drone x4  
  50  4:39  Zerg Ground Armor Level 1  
  50  4:45  Evolution Chamber  
  49  4:46  Drone x3  
  49  4:47  Drone x3, Infestation Pit  
  54  5:10  Zerg Missile Weapons Level 2  
  54  5:14  Glial Reconstitution  
  54  5:17  Hatchery  
  54  5:20  Hydralisk Den  
  52  5:27  Hive  
  52  5:30  Drone x4  
  52  5:31  Extractor  
  52  5:32  Drone  
  52  5:34  Drone  
  57  5:38  Overlord  
  57  5:42  Overlord  
  57  5:54  Muscular Augments  
  57  5:56  Drone  
  57  5:57  Drone x2  
  60  6:24  Hydralisk x5, Roach x3  
  76  6:27  Overlord x3  
  76  6:40  Hydralisk x2  
  76  6:41  Spore Crawler  
  76  6:43  Spore Crawler  
  76  6:45  Spore Crawler  
  75  6:47  Hydralisk  
  75  6:48  Roach  
  75  6:50  Zergling x2  
  80  6:57  Overlord  
  82  7:06  Hydralisk, Roach  
  82  7:07  Roach x2  
  88  7:08  Roach  
  88  7:12  Roach  
  92  7:18  Zerg Ground Armor Level 2  
  92  7:25  Drone x3  
  95  7:30  Queen  
  96  7:51  Overlord x3  
  96  7:57  Drone  
  97  8:05  Overlord  
  97  8:06  Overlord  
  97  8:10  Hatchery  
  96  8:14  Hydralisk x2  
  96  8:15  Roach x3  
  96  8:17  Roach  
  108  8:20  Roach  
  110  8:40  Drone  
  110  8:41  Drone x2  
  113  8:42  Unknown  
  112  8:59  Hydralisk  
  112  9:00  Hydralisk x9  
  108  9:06  Hydralisk  
  100  9:16  Spore Crawler  
  100  9:17  Spore Crawler  
  96  9:22  Spore Crawler  
  89  9:27  Hydralisk x4  
  89  9:31  Hydralisk  
  95  9:35  Hydralisk  
  99  9:44  Hydralisk x2  
  103  9:47  Hydralisk  
  103  9:52  Hydralisk  
  103  10:07  Zergling x12  
  109  10:16  Drone  
  109  10:17  Drone x4  
  109  10:18  Drone  
  109  10:19  Drone  
  116  10:22  Drone  
Show
View Real Time Build Order
Export as new Build Order

Igua Zerg 

Build Orders: Pool First 

Get SALT Encoding   

  12  0:01  Drone  
  13  0:09  Drone  
  14  0:14  Extractor  
  14  0:16  Drone  
  15  0:22  Overlord  
  15  0:39  Spawning Pool  
  15  0:41  Drone  
  15  0:45  Drone  
  17  0:50  Drone  
  17  0:56  Drone  
  18  1:06  Extractor  
  18  1:07  Drone  
  18  1:21  Drone  
  19  1:27  Hatchery  
  19  1:28  Extractor, Zergling x2  
  18  1:35  Spore Crawler  
  18  1:38  Drone  
  18  1:50  Queen  
  20  1:56  Zergling x2  
  22  2:01  Drone  
  22  2:10  Metabolic Boost  
  22  2:19  Overlord  
  22  2:32  Lair  
  22  2:37  Drone  
  22  2:40  Drone  
  24  2:47  Drone  
  24  2:49  Drone  
  26  2:54  Drone  
  26  2:58  Drone  
  28  3:03  Drone  
  29  3:06  Drone  
  29  3:10  Extractor  
  29  3:13  Zergling x2  
  29  3:14  Zergling x2  
  29  3:19  Drone  
  32  3:21  Drone  
  32  3:25  Drone  
  34  3:31  Overseer  
  34  3:37  Infestation Pit  
  34  3:40  Drone x2  
  35  3:47  Drone  
  36  3:55  Spore Crawler, Drone  
  36  4:06  Overlord  
  36  4:07  Nydus Network  
  35  4:10  Overlord  
  35  4:13  Drone  
  36  4:19  Overlord  
  36  4:33  Drone  
  36  4:34  Zergling x6, Spire  
  39  4:39  Drone, Zergling x2  
  39  4:43  Drone  
  42  4:49  Burrow  
  42  4:51  Drone  
  43  4:59  Drone  
  44  5:00  Baneling Nest  
  44  5:04  Drone  
  44  5:05  Drone, Extractor  
  44  5:10  Drone  
  44  5:13  Overlord  
  45  5:22  Pneumatized Carapace  
  45  5:25  Drone  
  46  5:28  Drone  
  47  5:41  Drone  
  48  5:44  Mutalisk x3  
  48  5:48  Mutalisk  
  56  5:54  Zerg Flyer Weapons Level 1  
  56  5:56  Drone  
  57  5:57  Drone  
  57  5:59  Queen, Drone  
  57  6:01  Drone  
  62  6:05  Centrifugal Hooks  
  62  6:10  Mutalisk  
  64  6:14  Drone  
  64  6:16  Drone  
  66  6:21  Drone x2  
  68  6:26  Spire  
  68  6:30  Drone  
  68  6:59  Overlord x3  
  68  7:00  Overlord x3  
  68  7:19  Spine Crawler  
  68  7:21  Spine Crawler  
  68  7:22  Hatchery  
  65  7:27  Mutalisk x3  
  71  7:36  Queen  
  73  7:40  Mutalisk x3, Drone  
  73  7:41  Mutalisk, Extractor  
  81  7:48  Zerg Flyer Armor Level 1  
  81  7:50  Baneling  
  81  7:51  Baneling x14  
  81  7:52  Baneling  
  81  7:56  Mutalisk, Drone  
  81  7:58  Zergling x2  
  85  8:14  Mutalisk x2, Drone  
  90  8:30  Drone, Mutalisk x2  
  90  8:32  Zergling x6  
  98  8:47  Spore Crawler  
  97  8:49  Drone x2  
  75  9:29  Mutalisk x6  
  87  9:43  Mutalisk x3, Drone  
  94  9:46  Drone  
  95  9:53  Drone x2  
  97  10:05  Zergling x6  
  86  10:12  Spine Crawler  
  85  10:15  Drone  
  85  10:17  Spine Crawler, Drone  
  85  10:18  Zergling x10  
  91  10:24  Zergling x2  
  91  10:25  Zergling x10  
  97  10:32  Drone x2  
Tags
 
League
GoldGold
Matchup
ZvZ
Race
Zerg
Replay Pack
Multiplayer
Spawn Locations
Cross Positions
Add a new tag
Caveats
  • Supply blocks, unpowered buildings, or Contaminate may cause inaccurate times.
  • Supply counts are checked every 10 seconds.